Description

Similar to a 16 hatch opening, this build researches overlord speed before the spawning pool finishes so that queen production is not slowed down.

Only two drones should mine on gas from the first extractor. After starting overlord speed, immediately pull off all drones from gas.

Overlord speed is used for scouting using the first two overlords without the risk of losing them to marines. After researching Lair and getting a baneling nest, use overlords for bane drops.

Build Order

Get SALT Encoding   

  12  0:06  Extractor  2 drones on gas when finished
  11  0:08  Drone  
  12  0:12  Drone  
  13  0:21  Overlord  
  13  0:47  Hatchery  
  12  0:51  Drone  
  13  0:55  Drone  
  14  1:14  Spawning Pool  
  13  1:22  Pneumatized Carapace  Take 2 drones off gas
  13  1:26  Drone  
  14  1:29  Drone  
  15  1:33  Drone  
  16  1:37  Drone  
  17  1:48  Drone  
  18  1:59  Drone  Put 3 drones on gas
  19  2:00  Queen  
  21  2:05  Queen  
  23  2:07  Zergling  
  24  2:10  Zergling  
  25  2:15  Overlord  
  25  2:21  Drone x2  
  27  2:32  Drone  
  28  2:34  Metabolic Boost  
  28  2:38  Queen  
  30  2:46  Queen  
Spawning Tool Build Advisor. Get it on Overwolf

Go to:

Details

  • Created by: Darthmufasa
  • Published on: Aug 18, 2021
  • Modified on: Aug 18, 2021
  • Patch: 4.11.0
  • Difficulty: Medium
Show
View Real Time Build Order
Export as new Build Order

Comments (0)

There are no comments. Be the first!

Create an account to comment!